 Dungeon Crawl Stone Soup version 0.30-a0-912-ge10d75a369 (webtiles) character file.

Game seed: 17763186660677491110

110 ANON1729 the Ducker (level 4, -2/19 HPs)
             Began as a Felid Transmuter on Mar 19, 2023.
             Killed by nerve-wracking pain
             ... invoked by an orc priest
              (7 damage)
             ... on level 3 of the Dungeon.
             The game lasted 00:03:06 (2344 turns).

ANON1729 the Ducker (Felid Transmuter)              Turns: 2344, Time: 00:03:06

Health: -2/19      AC:  1    Str:  6    XL:     4   Next: 61%
Magic:  8/9        EV: 18    Int: 16    God:
Gold:   131        SH:  0    Dex: 16    Spells: 7/8 levels left
                                        Lives:  0   Deaths: 1

rFire   . . .      SeeInvis +      - Unarmed
rCold   . . .      Faith    .    (shield unavailable)
rNeg    . . .      Spirit   .    (body armour unavailable)
rPois   .          Reflect  .    (helmet unavailable)
rElec   .          Rampage  .    (cloak unavailable)
rCorr   .                        (gloves unavailable)
Will    .....                    (boots unavailable)
Stlth   +                        (no amulet)
HPRegen 0.23/turn                (no ring)
MPRegen 0.11/turn                (no ring)

@: confused, appendages, quick
A: horns 2, very small, claws 1, fangs 3, see invisible, speed 1, shaggy fur 1,
stealthy paws, no weapons or thrown items, no armour, multi-lived
a: End Transformation


You were on level 3 of the Dungeon.
You had temporarily grown beastly horns.
You visited 1 branch of the dungeon, and saw 3 of its levels.

You collected 131 gold pieces.

Inventory:

Wands
 g - a wand of charming (9)
Scrolls
 b - a scroll of brand weapon {unknown}
 c - 2 scrolls of identify {unknown}
 d - a scroll of enchant armour {unknown}
 e - a scroll of blinking {unknown}
Potions
 a - a potion of ambrosia {unknown}
 f - a potion of invisibility {unknown}
 h - a potion of might


   Skills:
 + Level 2.2 Fighting
 + Level 3.9 Dodging
 + Level 3.8 Unarmed Combat
 + Level 2.8 Spellcasting
 + Level 3.3 Transmutations


You had 7 spell levels left.
You knew the following spells:

 Your Spells              Type           Power      Damage    Failure   Level
a - Beastly Appendage     Tmut           24%        N/A       4%          1

Your spell library contained the following spells:

 Spells                   Type           Power      Damage    Failure   Level
 Wereblood                Tmut           12%        N/A       8%          2
 Spider Form              Tmut/Pois      7%         N/A       28%         3
 Tukima's Dance           Hex            2%         N/A       50%         3
 Ice Form                 Ice/Tmut       7%         N/A       67%         4
 Passage of Golubria      Tloc           2%         N/A       88%         4
 Yara's Violent Unravell  Hex/Tmut       3%         3d4       95%         5
 Borgnjor's Vile Clutch   Necr/Erth      1%         N/A       99%         5
 Death's Door             Necr           1%         N/A       100%        9


Dungeon Overview and Level Annotations

Branches:
Dungeon (3/15)

Altars:
Dithmenos


Innate Abilities, Weirdness & Mutations

You have temporarily grown beastly horns.
You have sharp claws.
You have razor-sharp teeth.
You have supernaturally acute eyesight. (SInv)
You cover ground quickly. (Speed+)
You are covered in fur. (AC +1)
Your paws help you pounce on unaware monsters.
You are incapable of wielding weapons or throwing items.
You cannot wear armour.
You gain extra lives every three experience levels.


Message History

A nearby fungus withers and dies.
Found a shadowy altar of Dithmenos.
You scratch the plant.
The plant begins to die.
The plant is lightly damaged.
You scratch the plant.
The plant is lightly damaged.
There is a faded altar of an unknown god here.
This altar belongs to (a) Zin, (b) Ru or (c) Kikubaaqudgha, but you can't tell which.
Press the corresponding letter to learn more about a god, or press enter to convert or escape to cancel.
Okay, then.
A nearby plant withers and dies.
You now have 131 gold pieces (gained 11).
There is a faded altar of an unknown god here.
Found a pair of gloves.
Found an escape hatch in the floor.
Found a stone staircase leading up.
An orc comes into view. It is wielding a +0 dagger.
The orc shouts!
You see here a +0 pair of gloves.
You grow a pair of large bovine horns.
The orc hits you but does no damage.
You barely miss the orc.
An orc wizard comes into view. It is wielding a +0 dagger.
The orc wizard shouts!
The orc priest shouts!
You scratch the orc but do no damage. Your headbutt misses the orc.
The orc closely misses you.
The orc wizard points at you and mumbles some strange words.
You are confused.
You are too confused!
You are too confused!
You're too confused to move!
The orc priest invokes the aid of Beogh against you.
Beogh smites you!
Ouch! That really hurt!
You bump into the rock wall.
The orc misses you.
The orc priest invokes the aid of Beogh against you.
Pain shoots through your body!
* * * LOW HITPOINT WARNING * * *
The orc priest mumbles some strange prayers to Beogh against you.
Pain shoots through your body!
You die...

#. #.#.......P..P..#
#..###>#.###...P_.♣P.#
.##..#.....# #..♣.P.PP.#
.....o.....###...PP♣.P.#
#.........P(P.....#
#...[_####.......##
#..o.$# ###.##.##
###.o#..........#
##@#.########## ##..
#.#.# ...o #.#.# ##.o
#.#.# #.# #.. ###


You could see an orc priest, an orc wizard and an orc.

Vanquished Creatures
  Natasha (thrice) (D:2)
  3 adders (D:2)
  3 dart slugs
  2 orcs
  3 endoplasms
  2 giant cockroaches
  5 hobgoblins
  6 jackals (D:1)
  A quokka (D:3)
  4 ball pythons
  3 bats
  A frilled lizard (D:1)
  3 goblins
  10 kobolds
  4 rats
53 creatures vanquished.

Vanquished Creatures (others)
  2 fungi (D:3)
  A plant (D:3)
3 creatures vanquished.

Grand Total: 56 creatures vanquished

Notes
Turn   | Place    | Note
-------+----------+-------------------------------------------
     0 | D:1      | ANON1729 the Felid Transmuter began the quest for the Orb.
     0 | D:1      | Reached XP level 1. HP: 9/9 MP: 4/4
   197 | D:1      | Reached XP level 2. HP: 6/12 MP: 6/6
   922 | D:2      | Identified the +1 pair of boots of Peunivva {Str+3}
   956 | D:2      | Reached XP level 3. HP: 13/15 MP: 5/7
   975 | D:2      | Noticed Natasha
   982 | D:2      | Killed Natasha
  1070 | D:2      | Noticed Natasha
  1082 | D:2      | Killed Natasha
  1083 | D:2      | Reached XP level 4. HP: 10/19 MP: 8/8
  1263 | D:2      | Slain by an adder
  1264 | D:2      | Reached XP level 3. HP: 0/24 MP: 7/7
  1361 | D:2      | Noticed Natasha
  1367 | D:2      | Killed Natasha
  1368 | D:2      | Reached XP level 4. HP: 15/19 MP: 6/9
  2255 | D:3      | Got the Folio of Rotting Intoxication
  2260 | D:3      | Found a faded altar of an unknown god.
  2280 | D:3      | Found a shadowy altar of Dithmenos.
  2344 | D:3      | Killed from afar by an orc priest

Illustrated notes

Levels and vault maps discovered:
D:1:      giann_wishing_wells, layout_loops_cross, minmay_misc_feat_plants
D:2:      layout_basic, bh_walls_and_bars, uniq_natasha
D:3:      layout_loops_ring, overflow_temple_1_default,
          dreamdust_ecumenical_altar_grove, uniq_crazy_yiuf_cottage,
          uniq_grinder

Skill      XL: |  1  2  3 |
---------------+----------+-----
Dodging        | 3 |  3.9
Fighting       | 2 |  2.2
Transmutations | 3 |  3.3
Unarmed Combat | |  3.8
Spellcasting   | |  2.8

Action                     |  1- 3 |  4- 6 || total
---------------------------+-------+-------++-------
  Melee: Unarmed           |   107 |    56 ||   163
         Punch             |     2 |     1 ||     3
         Headbutt          |     8 |     3 ||    11
         Bite              |     2 |     3 ||     5
   Cast: Beastly Appendage |    16 |    11 ||    27
    Use: Potion            |     1 |     1 ||     2
   Stab: Sleeping          |     1 |     1 ||     2
 Armour: Skin              |     6 |     5 ||    11
  Dodge: Dodged            |    82 |    33 ||   115

Table legend: (Time is in decaauts)
 A = Elapsed time spent in this place.
 B = Non-inter-level travel time spent in this place.
 C = Inter-level travel time spent in this place.
 D = Time resting spent in this place.
 E = Time spent auto-exploring this place.
 F = Levels seen in this place.
 G = Mean time per level.
                   A        B        C        D        E       F      G
               +--------+--------+--------+--------+--------+-----+--------+
         Total |   1984 |   1899 |     85 |     11 |   1514 |   3 |  661.3 |
       Dungeon |   1984 |   1899 |     85 |     11 |   1514 |   3 |  661.3 |
               +--------+--------+--------+--------+--------+-----+--------+

Top non-repeatable levels by time:
     D:2: 958 daAuts
     D:1: 766 daAuts
     D:3: 259 daAuts
